 Dungeon Crawl Stone Soup version 0.28-a0-991-g956f0ee3d5 (webtiles) character file.

Game seed: 15732198237584827478

11774 Redcow54321 the Fighter (level 11, 0/117 HPs)
             Began as a Troll Fighter on Dec 5, 2021.
             Slain by a nine-headed hydra (10 damage)
             ... on level 12 of the Dungeon.
             The game lasted 00:19:19 (8486 turns).

Redcow54321 the Fighter (Troll Fighter)             Turns: 8486, Time: 00:19:21

Health: 0/117      AC: 12    Str: 36    XL:     11   Next: 53%
Magic:  10/10      EV: 10    Int:  6    God:
Gold:   605        SH:  0    Dex:  9    Spells: 10/10 levels left

rFire   . . .      SeeInvis .     - Unarmed
rCold   . . .      Faith    .   (no shield)
rNeg    + . .      Spirit   .   d - +0 steam dragon scales
rPois   .          Reflect  .   j - +2 hat
rElec   .          Harm     .   e - +0 cloak
rCorr   .          Rampage  .   (gloves unavailable)
Will    .....                   (boots unavailable)
Stlth   +.........              q - amulet of regeneration
HPRegen 1.89/turn               k - ring of positive energy
MPRegen 0.12/turn               y - +6 ring of strength

@: no status effects
A: large, unfitting armour, claws 3, regeneration 1, shaggy fur 1, tough skin 1,
clever 1
a: no special abilities


You were on level 12 of the Dungeon.
You visited 2 branches of the dungeon, and saw 13 of its levels.

You collected 605 gold pieces.

Inventory:

Armour
 b - a +0 kite shield
 d - +0 steam dragon scales (worn)
 e - a +0 cloak (worn)
 j - a +2 hat (worn)
Jewellery
 k - a ring of positive energy (left claw)
 q - an amulet of regeneration (around neck)
 u - an amulet of reflection
 y - a +6 ring of strength (right claw)
 B - a ring of fire
 D - an amulet of guardian spirit
Wands
 o - a wand of paralysis (3)
 v - a wand of iceblast (9)
Scrolls
 f - a scroll of amnesia
 h - 4 scrolls of identify
 i - 3 scrolls of teleportation
 n - 2 scrolls of brand weapon {unknown}
 s - a scroll of magic mapping {unknown}
 w - a scroll of enchant weapon
 x - a scroll of fog
 z - a scroll of enchant armour {unknown}
 A - a scroll of silence
 C - a scroll of blinking
Potions
 a - 2 potions of brilliance
 c - 5 potions of might
 l - a potion of invisibility {unknown}
 m - a potion of resistance
 p - a potion of cancellation {unknown}
 r - 5 potions of lignification
 t - 2 potions of curing


   Skills:
 - Level 10.1 Fighting
 * Level 9.0 Armour
 - Level 2.4 Dodging
 - Level 2.4 Shields
 + Level 10.1 Unarmed Combat


You had 10 spell levels left.
You didn't know any spells.
Your spell library contained the following spells:

 Spells                   Type           Power      Damage    Failure   Level
 Beastly Appendage        Tmut           0%         N/A       45%         1
 Shock                    Conj/Air       0%         1d3       45%         1
 Slow                     Hex            0%         N/A       45%         1
 Summon Small Mammal      Summ           0%         N/A       45%         1
 Sublimation of Blood     Necr           0%         N/A       58%         2
 Wereblood                Tmut           0%         N/A       58%         2
 Call Canine Familiar     Summ           0%         N/A       83%         3
 Confusing Touch          Hex            0%         N/A       83%         3
 Dazzling Flash           Conj/Hex       0%         N/A       83%         3
 Spider Form              Tmut/Pois      0%         N/A       83%         3
 Summon Guardian Golem    Hex/Summ       0%         N/A       83%         3
 Swiftness                Air            0%         N/A       83%         3
 Airstrike                Air            0%         N/A       99%         4
 Petrify                  Tmut/Erth      0%         N/A       99%         4
 Summon Ice Beast         Ice/Summ       0%         N/A       99%         4
 Agony                    Necr           0%         N/A       100%        5
 Irradiate                Conj/Tmut      0%         3d13      100%        5
 Silence                  Hex/Air        0%         N/A       100%        5
 Summon Mana Viper        Hex/Summ       0%         N/A       100%        5
 Yara's Violent Unravell  Hex/Tmut       0%         3d3       100%        5
 Monstrous Menagerie      Summ           0%         N/A       100%        7


Dungeon Overview and Level Annotations

Branches:
Dungeon (12/15)            Temple (0/1) D:6            Lair (0/6) D:10
    Orc (1/2) D:10

Altars:
Cheibriados
Gozag
Okawaru
Trog
Uskayaw
Yredelemnul

Shops:
D:8 [   D:9 (

Annotations:
D:12 3 runed translucent doors, KennySheep's ghost, journeyman TrMo


Innate Abilities, Weirdness & Mutations

You are too large for most types of armour.
You have claws for hands.
Your natural rate of healing is unusually fast.
You are covered in fur. (AC +1)
You have tough skin. (AC +1)
Your mind is acute. (Int +2)


Message History

The seven-headed hydra barely misses you.
The seven-headed hydra bites you but does no damage.
The seven-headed hydra bites you.
The seven-headed hydra bites you but does no damage.
The seven-headed hydra bites you.
You claw one of the seven-headed hydra's heads off!
The six-headed hydra grows two more!
You claw the eight-headed hydra!
The eight-headed hydra is severely wounded.
The eight-headed hydra bites you!
The eight-headed hydra bites you but does no damage.
The eight-headed hydra bites you! x3
The eight-headed hydra barely misses you. x2
The eight-headed hydra bites you but does no damage.
You rip one of the eight-headed hydra's heads off!
The seven-headed hydra grows two more!
You claw the nine-headed hydra!
The nine-headed hydra is severely wounded.
The nine-headed hydra bites you but does no damage. x2
The nine-headed hydra bites you!
* * * LOW HITPOINT WARNING * * *
The nine-headed hydra bites you but does no damage.
The nine-headed hydra bites you!
* * * LOW HITPOINT WARNING * * *
The nine-headed hydra bites you!
* * * LOW HITPOINT WARNING * * *
The nine-headed hydra barely misses you. x2
The nine-headed hydra closely misses you.
You feel much better.
The nine-headed hydra barely misses you.
The nine-headed hydra bites you!
* * * LOW HITPOINT WARNING * * *
The nine-headed hydra bites you.
* * * LOW HITPOINT WARNING * * *
The nine-headed hydra closely misses you.
The nine-headed hydra bites you!
* * * LOW HITPOINT WARNING * * *
The nine-headed hydra bites you but does no damage.
The nine-headed hydra bites you!
* * * LOW HITPOINT WARNING * * *
The nine-headed hydra bites you!
You die...

....##.......#....##
....<.......#####.#
.............# ###
.............#
.............####
................###
..................#
..................##
................@..#
..#........####.D...#
####...##... #......#
..##....###.
.....##..# .##....##
...#... ... ## ##..#
...###... .## # ###
#... #..# # .... ###


You could see a nine-headed hydra.

Vanquished Creatures
  Gastronok (D:9)
  A boulder beetle (D:12)
  Erolcha (D:10)
  3 two-headed ogres
  Pikel (D:4)
  A cyclops (D:10)
  A manticore (D:11)
  3 centaur zombies
  Maggie (D:6)
  2 kobold demonologists
  2 trolls
  Grinder (D:6)
  2 wyverns (D:8)
  A wraith (D:10)
  Eustachio (D:4)
  A steam dragon (D:5)
  Menkaure (D:6)
  Edmund (D:5)
  An acid dragon (D:9)
  A water moccasin (D:9)
  Duvessa (D:7)
  3 black bears
  2 necrophages
  3 orc warriors
  A sky beast (D:7)
  2 ogres (D:5)
  A swamp drake (D:10)
  2 centaurs
  A kobold brigand (D:8)
  A bullfrog (D:8)
  2 gnoll sergeants (D:9)
  5 scorpions
  Dowan (D:7)
  A water moccasin skeleton (D:4)
  4 wights (D:8)
  5 howler monkeys
  8 orc priests
  2 jellies (D:6)
  4 hounds
  2 centaur skeletons
  Ijyb (D:5)
  Natasha (twice) (D:4)
  2 iguanas
  10 orc wizards
  A hound skeleton (D:4)
  Robin (D:2)
  A howler monkey skeleton (D:5)
  10 gnolls
  6 adders
  A shadow imp (D:6)
  An ufetubus (D:5)
  An adder skeleton (D:4)
  2 worms
  4 dart slugs
  38 orcs
  6 ball pythons
  2 endoplasms
  2 giant cockroaches
  8 goblins
  14 hobgoblins
  4 jackals
  5 quokkas
  3 bats
  3 frilled lizards
  16 kobolds
  7 rats
229 creatures vanquished.

Notes
Turn   | Place    | Note
-------+----------+-------------------------------------------
     0 | D:1      | Redcow54321 the Troll Fighter began the quest for the Orb.
     0 | D:1      | Reached XP level 1. HP: 22/22 MP: 0/0
    92 | D:1      | Reached XP level 2. HP: 29/29 MP: 1/1
   348 | D:1      | Reached XP level 3. HP: 35/36 MP: 2/2
   426 | D:1      | Found a faded altar of an unknown god.
   858 | D:2      | Noticed Robin
   882 | D:2      | Killed Robin
  1016 | D:2      | Reached XP level 4. HP: 44/44 MP: 3/3
  1850 | D:4      | Noticed a scorpion
  1857 | D:4      | Killed a scorpion
  1858 | D:4      | Reached skill level 5 in Unarmed Combat
  1858 | D:4      | Reached XP level 5. HP: 45/50 MP: 4/4
  1867 | D:4      | Noticed Eustachio
  2043 | D:4      | Noticed a black bear
  2051 | D:4      | Killed a black bear
  2052 | D:4      | Reached XP level 6. HP: 45/59 MP: 5/5
  2164 | D:4      | Noticed Natasha
  2164 | D:4      | Noticed Pikel
  2169 | D:4      | Killed Natasha
  2176 | D:4      | Killed Pikel
  2177 | D:4      | Reached XP level 7. HP: 50/66 MP: 6/6
  2368 | D:4      | Noticed Natasha
  2379 | D:4      | Killed Natasha
  2617 | D:4      | Killed Eustachio
  2618 | D:4      | Reached XP level 8. HP: 73/74 MP: 7/7
  2685 | D:5      | Entered Level 5 of the Dungeon
  2707 | D:5      | Reached skill level 10 in Unarmed Combat
  2742 | D:5      | Noticed Edmund
  2751 | D:5      | Killed Edmund
  2752 | D:5      | Reached skill level 1 in Armour
  2969 | D:5      | Noticed Ijyb
  2984 | D:5      | Killed Ijyb
  3451 | D:6      | Noticed Menkaure
  3451 | D:6      | Noticed Maggie
  3455 | D:6      | Killed Menkaure
  3522 | D:6      | Killed Maggie
  3523 | D:6      | Reached XP level 9. HP: 41/85 MP: 8/8
  3707 | D:6      | Found a snail-covered altar of Cheibriados.
  3715 | D:6      | Reached skill level 5 in Fighting
  3748 | D:6      | Noticed a two-headed ogre
  3754 | D:6      | Killed a two-headed ogre
  3755 | D:6      | Reached skill level 5 in Armour
  3764 | D:6      | Found an iron altar of Okawaru.
  3967 | D:6      | Noticed Grinder
  3967 | D:6      | Paralysed by Grinder for 5 turns
  3974 | D:6      | Killed Grinder
  3987 | D:6      | Found a staircase to the Ecumenical Temple.
  4343 | D:7      | Reached XP level 10. HP: 100/100 MP: 9/9
  4404 | D:7      | Noticed Dowan
  4405 | D:7      | Noticed Duvessa
  4410 | D:7      | Killed Dowan
  4415 | D:7      | Killed Duvessa
  4871 | D:8      | Gained mutation: You are agile. (Dex +2) [potion of
                  | mutation]
  4871 | D:8      | Lost mutation: You are agile. (Dex +2) [potion of mutation]
  4871 | D:8      | Gained mutation: Your mind is acute. (Int +2) [potion of
                  | mutation]
  5233 | D:8      | Found Fraech's Dragon-Slaying Spoils.
  5672 | D:8      | Found a hide-covered altar of Uskayaw.
  5672 | D:8      | Found a basalt altar of Yredelemnul.
  5709 | D:8      | Found a bloodstained altar of Trog.
  5711 | D:8      | Found an opulent altar of Gozag.
  5713 | D:8      | Found a faded altar of an unknown god.
  5804 | D:9      | Noticed Gastronok
  5812 | D:9      | Killed Gastronok
  6212 | D:9      | Found Kecwuph's Weapon Emporium.
  6381 | D:10     | Entered Level 10 of the Dungeon
  6430 | D:10     | Found a staircase to the Lair.
  6532 | D:10     | Noticed Erolcha
  6538 | D:10     | Killed Erolcha
  6539 | D:10     | Reached XP level 11. HP: 109/113 MP: 10/10
  6587 | D:10     | Found a staircase to the Orcish Mines.
  6622 | Orc:1    | Entered Level 1 of the Orcish Mines
  6622 | Orc:1    | Noticed an orc warlord
  7338 | D:11     | Noticed a two-headed ogre
  7345 | D:11     | Killed a two-headed ogre
  8025 | D:11     | Noticed a two-headed ogre
  8031 | D:11     | Killed a two-headed ogre
  8319 | D:12     | Noticed a boulder beetle
  8347 | D:12     | Killed a boulder beetle
  8348 | D:12     | Reached skill level 10 in Fighting
  8380 | D:12     | Found a runed translucent gate.
  8380 | D:12     | Found a runed translucent gate.
  8380 | D:12     | Found a runed translucent gate.
  8381 | D:12     | Found an opulent altar of Gozag.
  8383 | D:12     | Noticed KennySheep's ghost (journeyman TrMo)
  8478 | D:12     | Noticed a four-headed hydra
  8486 | D:12     | Slain by a nine-headed hydra

Illustrated notes

Levels and vault maps discovered:
D:1:      dpeg_arrival_radiant, layout_basic,
          dreamdust_ecumenical_altar_hidden_monk_grotto
D:2:      layout_loops_cross, chequers_jeans, minmay_misc_feat_columns,
          minmay_liquid_box, grunt_decor_arrowhead, uniq_robin
D:3:      layout_loops_ring, minmay_misc_feat_plants
D:4:      layout_basic, hangedman_decor_peaks_small, minmay_surrounded,
          uniq_natasha, uniq_pikel, uniq_eustachio
D:5:      layout_loops_ring, uniq_ijyb, uniq_edmund
D:6:      layout_loops_ring, kennysheep_okawaru_gauntlet, marbit_many_paths,
          minmay_temple_entry_nine_rooms, grunt_decor_mini_mirrors,
          uniq_grinder, uniq_menkaure, uniq_maggie
D:7:      layout_cave_pods, uniq_duvessa
D:8:      layout_cave_pods, chequers_temple_overflow_minitemple,
          nicolae_shop_dragon_depot
D:9:      layout_roguey, serial_glass, glass_columns_a, glass_columns_a,
          grunt_decor_junction, minmay_shop_grid_forest, uniq_gastronok
D:10:     layout_cave_pools, dpeg_oklobed_lair, erik_orc_1, lightli_minifort,
          uniq_erolcha
D:11:     layout_grid_maze
D:12:     layout_cave_pools, ebering_ghost_gozag
Orc:1:    layout_caves, gammafunk_ghost_stat_death,
          portal_ice_cave_entry_ice_simulacra, basic_altar

Skill      XL: |  1  2  3  4  5  6  7  8  9 10 11 |
---------------+----------------------------------+-----
Unarmed Combat | 3 4 5 6 8 9 10 | 10.1
Armour         | 3 6 8 9 |  9.0
Fighting       | 4 6 8 10 | 10.1
Dodging        | |  2.4
Shields        | |  2.4

Action                   |  1- 3 |  4- 6 |  7- 9 | 10-12 || total
-------------------------+-------+-------+-------+-------++-------
Melee: Unarmed           |   103 |    70 |   159 |   299 ||   631
       Punch             |     3 |     3 |     7 |    13 ||    26
  Use: Scroll            |       |       |     5 |     7 ||    12
       Potion            |       |       |     1 |     6 ||     7
 Stab: Sleeping          |     1 |       |       |       ||     1
Armor: Robe              |    36 |    21 |     8 |       ||    65
       Steam dragon scal |       |       |    35 |   130 ||   165
Dodge: Dodged            |    53 |    31 |    55 |   134 ||   273

Table legend: (Time is in decaauts)
 A = Elapsed time spent in this place.
 B = Non-inter-level travel time spent in this place.
 C = Inter-level travel time spent in this place.
 D = Time resting spent in this place.
 E = Time spent auto-exploring this place.
 F = Levels seen in this place.
 G = Mean time per level.
                   A        B        C        D        E       F      G
               +--------+--------+--------+--------+--------+-----+--------+
         Total |   8395 |   7955 |    440 |      0 |   6448 |  13 |  645.8 |
       Dungeon |   8394 |   7954 |    440 |      0 |   6448 |  12 |  699.5 |
  Orcish Mines |      1 |      1 |      0 |      0 |      0 |   1 |    1.0 |
               +--------+--------+--------+--------+--------+-----+--------+

Top non-repeatable levels by time:
    D:11: 1260 daAuts
     D:8: 937 daAuts
     D:4: 825 daAuts
     D:5: 783 daAuts
     D:6: 708 daAuts
     D:3: 672 daAuts
     D:2: 662 daAuts
     D:7: 657 daAuts
    D:10: 613 daAuts
     D:9: 555 daAuts
     D:1: 508 daAuts
    D:12: 207 daAuts
   Orc:1: 1 daAuts
